 Dungeon Crawl Stone Soup version 0.31-a0-1057-g70f3316b05 (webtiles) character file.

Game seed: 13072803476730559100

79 Revguard the Trooper (level 4, -2/40 HPs)
             Began as a Ghoul Monk on Nov 20, 2023.
             Killed by divine providence
             ... invoked by an orc priest
              (10 damage)
             ... on level 3 of the Dungeon.
             The game lasted 00:05:44 (1602 turns).

Revguard the Trooper (Ghoul Monk)                   Turns: 1602, Time: 00:05:44

Health: -2/40      AC:  3    Str: 16    XL:     4   Next: 37%
Magic:  3/3        EV: 12    Int:  5    God:
Gold:   126        SH:  0    Dex: 11    Spells: 3/3 levels left

rFire   . .          .
                       - Unarmed
rCold   + . .        c - orb {light}
rNeg    + + +        a - +0 robe
rPois   ∞            (no helmet)
rElec   .            (no cloak)
rCorr   .            (no gloves)
SInv    +            k - +0 pair of boots
Will    .....        (no amulet)
Stlth   +            g - ring of see invisible
HPRegen 0.00/turn    (no ring)
MPRegen 0.08/turn

%: no passive effects
@: inhibited regen, glowing
A: claws 1, cold resistance 1, negative energy resistance 3, inhibited
regeneration, torment resistance 2, devour on kill
a: no special abilities


You were on level 3 of the Dungeon.
You visited 1 branch of the dungeon, and saw 3 of its levels.

You collected 126 gold pieces.

Inventory:

Armour
 a - a +0 robe (worn)
 c - an orb of light (worn)
 k - a +0 pair of boots (worn)
Jewellery
 g - a ring of see invisible (left claw)
 h - an amulet of reflection
 m - a ring of willpower
Scrolls
 j - a scroll of acquirement {unknown}
 o - a scroll of fear {unknown}
Potions
 b - a potion of ambrosia
 d - 2 potions of invisibility
 f - a potion of berserk rage
 l - a potion of brilliance
 n - a potion of magic {unknown}


   Skills:
 + Level 3.8 Fighting
 + Level 1.2 Armour
 + Level 3.0 Dodging
 + Level 1.1 Stealth
 + Level 3.6 Unarmed Combat
 + Level 1.0 Invocations
 + Level 1.1 Evocations


You had 3 spell levels left.
You didn't know any spells.
Your spell library contained the following spells:

 Spells                   Type           Power      Damage    Failure   Level
 Static Discharge         Conj/Air       0%         3-3/arc   63%         2
 Ignite Poison            Fire/Tmut/Pois 0%         N/A       85%         3
 Airstrike                Air            0%         2d(0-16)  99%         4
 Sticky Flame             Conj/Fire      0%         2d3       99%         4
 Summon Lightning Spire   Summ/Air       0%         N/A       99%         4
 Ignition                 Fire           0%         3d3       100%        8


Dungeon Overview and Level Annotations

Branches:
Dungeon (3/15)

Altars:


Innate Abilities, Weirdness & Mutations

You are immune to poison.
You have sharp fingernails.
Your flesh is cold resistant. (rC+)
You are immune to negative energy. (rN+++)
You do not regenerate when monsters are visible.
You are immune to unholy pain and torment.
You thrive by killing the living.


Message History

The orc is heavily wounded.
The orc priest calls down the wrath of Beogh upon you.
Beogh smites you! The orc misses you.
You hear a shout!
You completely miss the orc.
The orc is heavily wounded.
You hear a shout!
The orc closely misses you.
You scratch the orc but do no damage.
The orc is heavily wounded.
You scratch the orc.
The orc is severely wounded.
The orc hits you with a +0 whip.
* * * LOW HITPOINT WARNING * * *
Okay, then.
You feel better. The orc misses you.
The orc priest begins to cast a cantrip, but forgets the words!
You barely miss the orc.
The orc is severely wounded.
The orc closely misses you.
You claw the orc!
You kill the orc!
You feel better.
You scratch the orc priest.
The orc priest is moderately wounded.
An orc comes into view. It is wielding a +0 whip.
The orc priest hits you with a +0 club.
You claw the orc priest!
The orc priest is almost dead.
The orc priest mumbles some strange prayers to Beogh against you.
Beogh smites you!
* * * LOW HITPOINT WARNING * * *
You scratch the orc priest but do no damage.
The orc priest is almost dead.
The orc priest hits you but does no damage.
You scratch the orc priest but do no damage.
The orc priest is almost dead.
The orc priest calls down the wrath of Beogh upon you.
Beogh smites you!
You die...

.....# #..#
....#####..###
#.#.##......)#
#.#.###.#........#...<.
##........###.##..######
##..#####..###.##..#
#....###...o##.##...%
#...#...#o##.##.####
#..)..##@##.##.#
##(8$###.##.##.#
#..[..##.##.#
#...#...#..#.#
#...o###..... ##.o#
#..### ##. ..# ## #.# ##


You could see an orc priest and an orc.

Vanquished Creatures
  2 adders (D:2)
  2 worms (D:2)
  A dart slug (D:2)
  An orc (D:3)
  3 ball pythons (D:1)
  5 bats
  3 endoplasms (D:1)
  A giant cockroach (D:2)
  6 goblins
  8 hobgoblins
  3 kobolds
  7 quokkas
  A frilled lizard (D:2)
  2 rats (D:1)
45 creatures vanquished.

Notes
Turn   | Place    | Note
-------+----------+-------------------------------------------
     0 | D:1      | Revguard the Ghoul Monk began the quest for the Orb.
     0 | D:1      | Reached XP level 1. HP: 19/19 MP: 0/0
    65 | D:1      | Reached XP level 2. HP: 26/26 MP: 1/1
   242 | D:1      | Reached XP level 3. HP: 28/31 MP: 2/2
   475 | D:1      | Reached skill level 1 in Armour
   929 | D:2      | Reached skill level 1 in Stealth
  1144 | D:2      | Reached skill level 1 in Evocations
  1144 | D:2      | Reached XP level 4. HP: 40/40 MP: 3/3
  1279 | D:2      | Reached skill level 1 in Invocations
  1602 | D:3      | Killed from afar by an orc priest

Illustrated notes

Levels and vault maps discovered:
D:1:      erik_arrival_orb_chamber, layout_basic
D:2:      layout_loops_ring
D:3:      layout_loops_ring, serial_shops, nicolae_square_shop, minmay_circle_x

Skill      XL: |  1  2  3  4 |
---------------+-------------+-----
Armour         | 1 |  1.2
Dodging        | 3 |  3.0
Stealth        | 1 |  1.1
Evocations     | 1 |  1.1
Invocations    | 1 |  1.0
Fighting       | |  3.8
Unarmed Combat | |  3.6

Action                     |  1- 3 |  4- 6 || total
---------------------------+-------+-------++-------
  Melee: Unarmed           |    93 |    32 ||   125
    Use: Scroll            |     1 |     3 ||     4
         Potion            |       |     1 ||     1
 Armour: Robe              |    48 |    16 ||    64
  Dodge: Dodged            |    60 |    14 ||    74

Table legend: (Time is in decaauts)
 A = Elapsed time spent in this place.
 B = Non-inter-level travel time spent in this place.
 C = Inter-level travel time spent in this place.
 D = Time resting spent in this place.
 E = Time spent auto-exploring this place.
 F = Levels seen in this place.
 G = Mean time per level.
                   A        B        C        D        E       F      G
               +--------+--------+--------+--------+--------+-----+--------+
         Total |   1593 |   1547 |     46 |      0 |   1208 |   3 |  531.0 |
       Dungeon |   1593 |   1547 |     46 |      0 |   1208 |   3 |  531.0 |
               +--------+--------+--------+--------+--------+-----+--------+

Top non-repeatable levels by time:
     D:1: 850 daAuts
     D:2: 700 daAuts
     D:3: 43 daAuts
